 Dungeon Crawl Stone Soup version 0.13-a0-2538-gc238810 (webtiles) character file.

6876 Juliette the Hoplite (level 10, 0/80 HPs)
             Began as a Hill Orc Fighter on July 28, 2013.
             Slain by a wolf (8 damage)
             ... on Level 2 of the Lair of Beasts.
             The game lasted 01:18:06 (13021 turns).

Juliette the Hoplite (Hill Orc Fighter)            Turns: 13021, Time: 01:18:07

HP   0/80        AC 14     Str 23      XL: 10   Next: 97%
MP   9/9         EV  5     Int  8      God:
Gold 492         SH 28     Dex 10      Spells:  0 memorised,  9 levels left

Res.Fire  : . . .   See Invis. : .   t - +1,+3 flail (freeze) (curse)
Res.Cold  : . . .   Warding    : .   u - +0 plate armour
Life Prot.: . . .   Conserve   : .   c - +0 orc shield
Res.Poison: .       Res.Corr.  : .   (no helmet)
Res.Elec. : .       Clarity    : .   A - +0 cloak
Sust.Abil.: . .     Spirit.Shd : .   D - +0 pair of gauntlets
Res.Mut.  : .       Stasis     : .   (no boots)
Res.Rott. : .       Flight     : .   K - amulet of the gourmand
Gourmand  : +                        (no ring)
                                     (no ring)

@: somewhat resistant to hostile enchantments, extremely unstealthy
A: saprovore 1
a: no special abilities


You were on level 2 of the Lair of Beasts.
You were full.

You visited 3 branches of the dungeon, and saw 11 of its levels.

You collected 472 gold pieces.

Inventory:

Hand weapons
 j - a +2,+0 whip
 n - a cursed +2,+2 great mace of freezing
 t - a cursed +1,+3 flail of freezing (weapon)
 v - a +1,+3 orcish whip
Armour
 c - a +0 orcish shield (worn)
 u - a +0 plate armour (worn)
 A - a +0 cloak (worn)
 D - a +0 pair of gauntlets (worn)
Magical devices
 e - a wand of frost (0)
 i - a wand of random effects (13) {unknown}
 B - a wand of flame (0)
Comestibles
 d - 7 meat rations
 f - 2 apples
 o - 6 bread rations
 x - a choko
 z - 11 sultanas
 C - 2 chunks of iguana flesh
 F - 15 apricots
 G - 6 pears
 L - 3 chunks of shark flesh
Scrolls
 b - 3 scrolls of remove curse
 h - a scroll of magic mapping
 m - a scroll of enchant weapon I {unknown}
 p - 2 scrolls of blinking
 q - 2 scrolls of amnesia {unknown}
 r - a scroll of identify
 I - 2 scrolls of teleportation
 O - a scroll of fog {unknown}
Jewellery
 y - an uncursed amulet of stasis
 E - an uncursed ring of teleportation
 K - an amulet of the gourmand (around neck)
Potions
 a - 2 potions of restore abilities
 g - 3 potions of curing
 k - a potion of mutation {unknown}
 l - a potion of confusion {unknown}
 w - a potion of slowing {unknown}
 H - 2 potions of poison {unknown}
 J - a potion of agility
Books
 s - a book of Power

   Spells                             Type                      Level
   Iskenderun's Mystic Blast          Conjuration                  4
   Venom Bolt                         Conjuration/Poison           5
   Bolt of Magma                      Conjuration/Fire/Earth       5
   Fulminant Prism                    Conjuration/Hexes            5
   Iron Shot                          Conjuration/Earth            6
   Orb of Destruction                 Conjuration                  7


   Skills:
 - Level 4.0 Fighting
 - Level 8.0 Maces & Flails
 - Level 4.0 Armour
 - Level 5.0 Dodging
 * Level 14.0 Shields


You had 9 spell levels left.
You didn't know any spells.

Dungeon Overview and Level Annotations

Branches:
Dungeon (8/27)             Temple (1/1) D:7            Lair (2/8) D:8
    Orc: D:6-11

Altars:
Ashenzari
Cheibriados
Elyvilon
Fedhas
Kikubaaqudgha
Okawaru
Sif Muna
Trog
Xom
Yredelemnul
Zin
the Shining One
Lugonu

Annotations
D:8 DasRunzen's ghost, experienced FeBe


Innate Abilities, Weirdness & Mutations

You can tolerate rotten meat.


Message History

You sock the wolf! You freeze the wolf.
The wolf is heavily wounded.
You block the wolf's attack.
You closely miss the wolf.
The wolf is heavily wounded.
The wolf bites you but does no damage.
You thump the wolf! You freeze the wolf.
You kill the wolf!
Your Shields skill increases to level 14!
You barely miss the green rat. You block the green rat's attack.
The wolf bites you but does no damage.
The green rat bites you but does no damage.
The wolf bites you but does no damage. The green rat bites you!
* * * LOW HITPOINT WARNING * * *
There is an open door here.
You see here a green rat corpse.
You block the wolf's attack. You block the green rat's attack.
Your plate armour prevents you from hitting the wolf.
The wolf bites you!
You die... #... .. .#.. .... #... ..... .rh

.....# rh #.....# .#.....>#
#######.......#
#..r#.........## ...+
#..@hr%%.......# ...###
##..##...........
.#...########..##...#......#
........##.....#...♣♣.≈♣.###
.........#......#..♣ ≈♣♣#.#
.........#........♣♣ .≈ ..
.#......#.......#♣♣ ≈P
.P.............♣♣ ≈P♣
...............♣ ≈


You could see a wolf and 2 green rats.

Vanquished Creatures
  A spiny frog (Lair:1)
  A deep dwarf artificer (D:8)
  A two-headed ogre (D:6)
  6 yaks (Lair:1)
  2 sharks (Lair:1)
  4 wolves (Lair:2)
  4 porcupines (Lair:1)
  2 orc warriors (D:6)
  An ice beast (D:5)
  A sky beast (D:6)
  2 black bears
  An ogre (D:4)
  A phantom (D:4)
  Duvessa (D:4)
  2 water moccasins (Lair:1)
  A centaur (D:6)
  2 crocodiles
  3 agate snails
  Blork the orc (D:6)
  3 giant frogs
  7 wights
  Dowan (D:4)
  7 crimson imps
  An orc priest (D:4)
  A goliath beetle (D:6)
  7 hounds
  A big fish (Lair:1)
  Crazy Yiuf (D:6)
  3 iguanas
  A scorpion (D:8)
  6 worker ants
  6 orc wizards
  3 jellies
  2 big fish zombies (D:6)
  11 gnolls
  12 green rats
  10 adders
  3 worms
  2 giant mites
  A goliath beetle zombie (D:8)
  An adder zombie (D:7)
  An adder skeleton (D:4)
  An iguana skeleton (D:4)
  A giant eyeball (D:8)
  7 giant geckos
  An ooze (D:6)
  31 orcs
  22 bats
  9 giant cockroaches
  11 hobgoblins
  27 jackals
  A quokka (D:5)
  A giant gecko skeleton (D:6)
  8 giant newts
  13 goblins
  A goblin zombie (D:5)
  A hobgoblin zombie (D:5)
  19 kobolds
  A kobold skeleton (D:4)
  An orc skeleton (D:5)
  17 rats
  2 ballistomycetes (D:7)
303 creatures vanquished.

Vanquished Creatures (others)
  2 jackals (D:7)
  A bat (D:5)
  A giant spore (D:7)
  A fungus (Lair:1)
5 creatures vanquished.

Grand Total: 308 creatures vanquished

Notes
Turn   | Place    | Note
--------------------------------------------------------------
     0 | D:1      | Juliette, the Hill Orc Fighter, began the quest for the Orb.
     0 | D:1      | Reached XP level 1. HP: 19/19 MP: 0/0
   190 | D:1      | Reached skill level 4 in Fighting
   304 | D:1      | Reached XP level 2. HP: 25/27 MP: 1/1
   495 | D:2      | Reached XP level 3. HP: 17/33 MP: 2/2
  1490 | D:2      | Reached skill level 5 in Shields
  1490 | D:2      | Reached XP level 4. HP: 40/40 MP: 3/3
  2407 | D:4      | Noticed a black bear
  2424 | D:4      | Killed a black bear
  2424 | D:4      | Reached XP level 5. HP: 32/46 MP: 4/4
  2627 | D:4      | Noticed a phantom
  2644 | D:4      | Killed a phantom
  2644 | D:4      | Reached skill level 5 in Maces & Flails
  2644 | D:4      | Reached XP level 6. HP: 47/53 MP: 5/5
  2974 | D:4      | Noticed an ogre
  3033 | D:5      | Entered Level 5 of the Dungeon
  3166 | D:5      | Reached skill level 6 in Maces & Flails
  3355 | D:4      | Killed an ogre
  3355 | D:4      | Reached XP level 7. HP: 28/59 MP: 6/6
  3630 | D:4      | Noticed a crocodile
  3648 | D:4      | Killed a crocodile
  3648 | D:4      | Reached skill level 7 in Maces & Flails
  3866 | D:4      | Noticed Duvessa
  3868 | D:4      | Noticed Dowan
  4128 | D:4      | Found a deep blue altar of Sif Muna.
  4712 | D:5      | Reached skill level 8 in Maces & Flails
  5121 | D:6      | Reached XP level 8. HP: 54/67 MP: 7/7
  5617 | D:6      | Found a glowing silver altar of Zin.
  6092 | D:6      | Noticed a two-headed ogre
  6632 | D:7      | Found a staircase to the Ecumenical Temple.
  6649 | Temple   | Entered the Ecumenical Temple
  6873 | D:7      | Reached skill level 9 in Shields
  6877 | D:7      | Found a white marble altar of Elyvilon.
  7167 | D:7      | Found a bloodstained altar of Trog.
  7173 | D:7      | Reached XP level 9. HP: 62/72 MP: 8/8
  7174 | D:7      | Found an iron altar of Okawaru.
  7292 | D:6      | Noticed Blork the orc
  7310 | D:6      | Killed Blork the orc
  7348 | D:6      | Found a basalt altar of Yredelemnul.
  7354 | D:6      | Reached skill level 10 in Shields
  7491 | D:6      | Noticed Crazy Yiuf
  7497 | D:6      | Killed Crazy Yiuf
  8581 | D:6      | Killed a two-headed ogre
  8581 | D:6      | Reached skill level 11 in Shields
  9516 | D:4      | Killed Duvessa
  9552 | D:4      | Killed Dowan
  9709 | D:8      | Found a staircase to the Lair.
 10364 | D:8      | Reached skill level 12 in Shields
 10405 | D:8      | Paralysed by a giant eyeball for 2 turns
 10440 | D:8      | Found a shattered altar of Ashenzari.
 10445 | D:8      | Saw a vision of the Swamp and the Spider Nest.
 10445 | D:8      | Noticed an alligator
 10445 | D:8      | Noticed a giant amoeba
 10740 | D:8      | Noticed DasRunzen's ghost (experienced FeBe)
 11099 | Lair:1   | Entered Level 1 of the Lair of Beasts
 11383 | Lair:1   | Reached XP level 10. HP: 67/80 MP: 9/9
 11455 | Lair:1   | Reached skill level 13 in Shields
 11514 | Lair:1   | Reached skill level 1 in Dodging
 12034 | Lair:1   | Noticed a spiny frog
 12043 | Lair:1   | Killed a spiny frog
 12043 | Lair:1   | Reached skill level 5 in Dodging
 13017 | Lair:2   | Reached skill level 14 in Shields
 13021 | Lair:2   | Slain by a wolf

Action                   |  1- 3 |  4- 6 |  7- 9 | 10-12 || total
-------------------------+-------+-------+-------+-------++-------
Melee: Mace              |   107 |   166 |       |       ||   273
       Whip              |       |    71 |   977 |       ||  1048
       Flail             |       |       |    57 |   317 ||   374
  Use: Scroll            |       |     8 |    12 |     1 ||    21
       Potion            |       |     4 |     5 |       ||     9
